 Dungeon Crawl Stone Soup version 0.30-a0-802-gb92711bcdf (webtiles) character file.

Game seed: 9519412558762648238

420406 demibob the Impregnable (level 22, -2/339 (342) HPs)
             Began as a Minotaur Fighter on Feb 24, 2023.
             Was an Initiate of Gozag.
             Slain by a sphinx (7 damage)
             ... on level 5 of the Vaults.
             The game lasted 02:28:36 (63353 turns).

demibob the Impregnable (Minotaur Fighter)         Turns: 63353, Time: 02:28:37

HP:   -2/339 (342)  AC: 46    Str: 23    XL:     22   Next: 64%
MP:   21/21         EV: 15    Int:  7    God:    Gozag
Gold: 716           SH:  5    Dex: 20    Spells: 21/21 levels left

rFire   + + .      SeeInvis .    a - +2 great sword (heavy)
rCold   + + .      Faith    .    (shield currently unavailable)
rNeg    . . .      Spirit   .    A - +9 scales of the Dragon King {rPois rF+ rC+ Will+}
rPois   +          Reflect  +    f - +0 hat
rElec   +          Harm     .    U - +2 cloak {Stlth+}
rCorr   +          Rampage  +    s - +1 pair of gloves
Will    +++..                    k - +2 pair of boots {rampage} Stlth
                                 X - amulet of reflection
HPRegen 0.76/turn                L - ring of flight
MPRegen 0.17/turn                n - ring of Sunlight {Will+ rCorr Dex+3}

@: berserking (expiring), resistant, gold aura, flying, hasted, studying
Throwing, lightly drained, very quick
A: horns 2, retaliatory headbutt
}: 2/15 runes: decaying, serpentine
a: Renounce Religion, Potion Petition, Call Merchant, Bribe Branch


You were on level 5 of the Vaults.
You worshipped Gozag.
Gozag was pleased with you.
You visited 9 branches of the dungeon, and saw 41 of its levels.
You visited the Abyss 2 times.
You also visited: Ossuary.

You collected 21738 gold pieces.
You spent 2941 gold pieces at shops.
You paid 18081 gold pieces to Gozag.


Innate Abilities, Weirdness & Mutations

You have a pair of horns on your head.
You reflexively headbutt those who attack you in melee.


   Skills:
 + Level 25.9 Fighting
 + Level 24.4 Long Blades
 + Level 26.1 Armour
 + Level 17.9 Dodging
 - Level 3.6 Shields
 - Level 9.1 Evocations


You had 21 spell levels left.
You didn't know any spells.
Your spell library contained the following spells:

 Spells                   Type           Power      Damage    Failure   Level
 Freeze                   Ice            0%         1d3       99%         1
 Kiss of Death            Conj/Necr      0%         2d5       99%         1
 Necrotise                Necr           0%         1d4       99%         1
 Sandblast                Erth           0%         2d4       99%         1
 Sting                    Tmut/Pois      0%         1d3       99%         1
 Blink                    Tloc           0%         N/A       99%         2
 Cigotuvi's Dreadful Rot  Necr/Pois/Air  0%         N/A       99%         2
 Passwall                 Tmut/Erth      0%         N/A       99%         2
 Poisonous Vapours        Pois/Air       0%         N/A       99%         2
 Sublimation of Blood     Necr           0%         N/A       99%         2
 Call Canine Familiar     Summ           0%         N/A       100%        3
 Confusing Touch          Hex            0%         N/A       100%        3
 Frozen Ramparts          Ice            0%         1d1       100%        3
 Hailstorm                Conj/Ice       0%         3d3       100%        3
 Mephitic Cloud           Conj/Pois/Air  0%         N/A       100%        3
 Ozocubu's Armour         Ice            0%         N/A       100%        3
 Portal Projectile        Hex/Tloc       0%         N/A       100%        3
 Stone Arrow              Conj/Erth      0%         3d7       100%        3
 Summon Guardian Golem    Hex/Summ       0%         N/A       100%        3
 Tukima's Dance           Hex            0%         N/A       100%        3
 Vampiric Draining        Necr           0%         2d6       100%        3
 Animate Armour           Summ/Erth      0%         N/A       100%        4
 Cause Fear               Hex            0%         N/A       100%        4
 Dispel Undead            Necr           0%         3d6       100%        4
 Ice Form                 Ice/Tmut       0%         N/A       100%        4
 Leda's Liquefaction      Hex/Erth       0%         N/A       100%        4
 Manifold Assault         Tloc           0%         N/A       100%        4
 Olgreb's Toxic Radiance  Pois           0%         N/A       100%        4
 Passage of Golubria      Tloc           0%         N/A       100%        4
 Petrify                  Tmut/Erth      0%         N/A       100%        4
 Summon Ice Beast         Ice/Summ       0%         N/A       100%        4
 Agony                    Necr           0%         N/A       100%        5
 Alistair's Intoxication  Tmut/Pois      0%         N/A       100%        5
 Blade Hands              Tmut           0%         N/A       100%        5
 Borgnjor's Vile Clutch   Necr/Erth      0%         N/A       100%        5
 Freezing Cloud           Conj/Ice/Air   0%         6-21      100%        5
 Irradiate                Conj/Tmut      0%         3d11      100%        5
 Iskenderun's Battlesphe  Conj           0%         2d6       100%        5
 Lee's Rapid Deconstruct  Erth           0%         3d4*      100%        5
 Metabolic Englaciation   Hex/Ice        0%         N/A       100%        5
 Silence                  Hex/Air        0%         N/A       100%        5
 Summon Mana Viper        Hex/Summ       0%         N/A       100%        5
 Yara's Violent Unravell  Hex/Tmut       0%         3d3       100%        5
 Death Channel            Necr           0%         N/A       100%        6
 Dispersal                Tloc           0%         N/A       100%        6
 Eringya's Noxious Bog    Tmut/Pois      0%         N/A       100%        6
 Iron Shot                Conj/Erth      0%         9d1       100%        6
 Statue Form              Tmut/Erth      0%         N/A       100%        6
 Dragon Form              Tmut           0%         N/A       100%        7
 Malign Gateway           Summ/Tloc      0%         N/A       100%        7
 Monstrous Menagerie      Summ           0%         N/A       100%        7
 Spellforged Servitor     Conj/Summ      0%         N/A       100%        7
 Storm Form               Tmut/Air       0%         N/A       100%        7
 Lehudib's Crystal Spear  Conj/Erth      0%         10d2      100%        8
 Summon Horrible Things   Summ           0%         N/A       100%        8
 Dragon's Call            Summ           0%         N/A       100%        9
 Polar Vortex             Ice            0%         N/A       100%        9
 Animate Dead             Necr           Unusable   N/A       N/A         4
 Simulacrum               Ice/Necr       Unusable   N/A       N/A         6

Inventory:

Hand Weapons
 a - a +2 heavy great sword (weapon)
 o - a +0 great sword of flaming
Armour
 f - a +0 hat (worn)
 k - a +2 pair of boots of rampaging (worn)
 s - a +1 pair of gloves (worn)
 A - the +9 scales of the Dragon King (worn) {rPois rF+ rC+ Will+}
   (You bought it in a shop on level 7 of the Dungeon)

   rF:        It protects you from fire.
   rC:        It protects you from cold.
   rPois:     It protects you from poison.
   Will:      It increases your willpower.
 U - a +2 cloak of stealth (worn)
Jewellery
 c - a ring of protection from cold
 n - the ring of Sunlight (right hand) {Will+ rCorr Dex+3}
   (You bought it in a shop on level 13 of the Dungeon)

   [ring of resist corrosion]

   Dex:       It affects your dexterity (+3).
   rCorr:     It protects you from acid and corrosion.
   Will:      It increases your willpower.
 E - a +5 ring of evasion
 L - a ring of flight (left hand)
 N - a ring of positive energy
 T - a +4 ring of protection
 W - the ring "Rykoent" {rElec MP+9 Int+6}
   (You took it off a rakshasa on level 2 of the Depths)

   [ring of intelligence]

   Int:       It affects your intelligence (+6).
   rElec:     It insulates you from electricity.
   MP:        It affects your magic capacity (+9).
 X - an amulet of reflection (around neck)
Wands
 b - a wand of paralysis (17)
 h - a wand of mindburst (42)
 B - a wand of polymorph (5)
 C - a wand of flame (23)
 M - a wand of iceblast (18)
 Q - a wand of light (10)
Scrolls
 j - 2 scrolls of enchant armour
 l - 13 scrolls of magic mapping
 q - 4 scrolls of fog
 y - 3 scrolls of brand weapon
 D - 2 scrolls of enchant weapon
 G - 25 scrolls of identify {@r1}
 J - 2 scrolls of poison
Potions
 i - a potion of cancellation
 m - 3 potions of resistance
 u - 8 potions of flight
 z - a potion of might
 H - 6 potions of mutation
 K - a potion of curing {@q1}
 V - a potion of invisibility
Miscellaneous
 g - a condenser vane (inert)
 p - a piece from Xom's chessboard (15/15)
 F - a lightning rod (3/4)
 I - a phantom mirror
 O - a phial of floods

Dungeon Overview and Level Annotations

Branches:
Dungeon (15/15)            Temple (1/1) D:4            Lair (5/5) D:10
  Swamp (4/4) Lair:2        Snake (4/4) Lair:2        Slime (0/5) Lair:4
    Orc (2/2) D:12            Elf (3/3) Orc:2        Vaults (5/5) D:13
  Crypt (0/3) Vaults:2     Depths (2/4) D:15        Ossuary (visited)

Altars:
Ashenzari
Cheibriados
Dithmenos
Elyvilon
Fedhas
Gozag
Hepliaklqana
Kikubaaqudgha
Makhleb
Nemelex Xobeh
Okawaru
Qazlal
Ru
Sif Muna
Trog
Uskayaw
Vehumet
Wu Jian
Xom
Yredelemnul
Zin
Jiyva

Shops:
D:1 *   D:4 (   D:7 ?[   D:10 (   D:12 =?(   D:13 =(   D:14 *   Orc:2 =[[(
Lair:4 (   Snake:1 ?*=   Snake:3 *[!**   Snake:4 ==:   Vaults:1 :   Vaults:3 (*
Vaults:4 [   Depths:1 ([

Portals:
Hell: Depths:1 Depths:2
Abyss: Depths:1
Ziggurat: Depths:2

Annotations:
D:4 1 runed translucent door, exclusion: statue, Crazy Yiuf
Elf:1 2 transporters, exclusion: obsidian statue
Elf:2 3 runed translucent doors
Vaults:5 Frederick

░░░░░░░░░░░░ ░
░☼○§☼§☼░☼..░ .░
░§§§§§░§..░..░..
░§§☼§H░...H.D..
░§§§@░.D.░
░░§$§D░..░ $
░░§§§░.....
░░○§○░..░...
░░○§░..░ ..
░░§§░.. ░ $$
░☼░..░ ☼§░.░ ..░


You could see a shadow dragon and a sphinx (extremely poisoned).


Message History

You block the shadow dragon's attack.
The shadow dragon claws you but does no damage.
The sphinx is engulfed in poison gas.
The sphinx looks as sick as possible!
The sphinx mumbles some strange words.
Something smites you!
* * * LOW HITPOINT WARNING * * *
You slice the shadow dragon!!
You kill the shadow dragon!
You slice the shadow dragon!!
The shadow dragon is moderately wounded.
The sphinx is engulfed in poison gas.
The sphinx looks as sick as possible!
The sphinx closely misses you.
The sphinx hits you but does no damage. x2
The shadow dragon closely misses you.
The shadow dragon claws you but does no damage.
The shadow dragon claws you.
* * * LOW HITPOINT WARNING * * *
You closely miss the shadow dragon. You headbutt the shadow dragon.
The shadow dragon is moderately wounded.
The sphinx is engulfed in poison gas.
The sphinx looks as sick as possible!
The sphinx casts a spell.
Something smites you!
* * * LOW HITPOINT WARNING * * *
The shadow dragon completely misses you.
The shadow dragon claws you but does no damage.
The shadow dragon closely misses you.
You slice the shadow dragon!! You headbutt the shadow dragon.
The shadow dragon is heavily wounded.
The sphinx looks as sick as possible!
The sphinx hits you!
You die...
Your body crumbles into a pile of gold.

Skill      XL: |  1  2  3  4  5  6  7  8  9 10 11 12 13 14 15 16 17 18 19 20 21 22 |
---------------+-------------------------------------------------------------------+-----
Long Blades    | 3 4 5 6 10 11 14 19 20 22 23 24 | 24.4
Fighting       | 8 11 12 15 18 21 23 24 25 | 25.9
Dodging        | 5 9 13 15 17 | 17.9
Armour         | 6 9 13 18 21 22 24 25 26 | 26.1
Evocations     | 4 9 |  9.1
Shields        | |  3.6

Action                     |  1- 3 |  4- 6 |  7- 9 | 10-12 | 13-15 | 16-18 | 19-21 | 22-24 || total
---------------------------+-------+-------+-------+-------+-------+-------+-------+-------++-------
  Melee: Long sword        |   112 |    70 |   437 |   831 |   385 |       |       |       ||  1835
         Headbutt          |    17 |     7 |    80 |   206 |   484 |   551 |   482 |    87 ||  1914
         Punch             |     3 |       |    10 |     7 |    10 |       |       |       ||    30
         Great sword       |       |       |       |       |  1231 |  1674 |  1507 |   323 ||  4735
 Invoke: Call Merchant     |       |       |     1 |       |     4 |     3 |     2 |     1 ||    11
         Potion Petition   |       |       |       |       |       |     2 |     2 |     2 ||     6
  Evoke: Wand              |       |       |       |    24 |    12 |     9 |       |       ||    45
         Lightning rod     |       |       |       |     6 |    14 |    10 |     8 |     1 ||    39
         Phantom mirror    |       |       |       |       |     1 |     2 |       |       ||     3
         Condenser vane    |       |       |       |       |       |       |       |     1 ||     1
    Use: Potion            |     4 |     3 |     1 |     8 |    12 |    10 |     4 |    11 ||    53
         Scroll            |     8 |     1 |    11 |     7 |    17 |     7 |     9 |    19 ||    79
   Stab: Distracted        |       |       |     2 |     7 |    14 |     8 |    11 |     3 ||    45
         Invisible         |       |       |       |     2 |       |     5 |       |       ||     7
         Paralysed         |       |       |       |     4 |     4 |       |       |       ||     8
         Petrified         |       |       |       |       |     5 |       |       |       ||     5
 Armour: Scale mail        |    66 |    36 |   101 |   183 |       |       |       |       ||   386
         Gold dragon scale |       |       |       |   292 |  1279 |  1144 |  1102 |   241 ||  4058
  Dodge: Dodged            |    89 |    43 |   162 |   428 |   864 |   941 |  1196 |   213 ||  3936
  Block: Other             |       |       |       |       |       |       |     9 |    61 ||    70
         Reflection        |       |       |       |       |       |       |     1 |     5 ||     6

Levels and vault maps discovered:
D:1:      minmay_arrival_four_loops, layout_basic, serial_shops,
          nicolae_shop_statue_plus, minmay_misc_feat_secret_circle,
          minmay_split_cup_large
D:2:      layout_basic, nicolae_ecumenical_oubliette
D:3:      layout_basic, chequers_serial_rivers_micro_d, hex_intersection,
          uniq_robin
D:4:      layout_basic, vehumet_statue, minmay_temple_entry_fiery, serial_shops,
          shop, uniq_blork_the_orc, uniq_crazy_yiuf_cottage, uniq_pikel
D:5:      layout_loops_ring
D:6:      layout_cave_pods, uniq_duvessa
D:7:      layout_layer_cave, nzn_wu_jian_council_hall,
          nicolae_ossuary_entry_catacombs, serial_shops,
          nicolae_inconvenience_store
D:8:      layout_rooms
D:9:      layout_stronghold, serial_column_ruins, column_ruins_columns_plus,
          column_ruins_open_tiny, column_ruins_open_small,
          column_ruins_open_medium, column_ruins_corridor_straight
D:10:     layout_cave_pools, minmay_lair_entry_grove
D:11:     minmay_sliced_demisemicircle, layout_cave_pools, uniq_maurice
D:12:     minmay_evil_eye, layout_loops_ring, orc_0_dummy, uniq_jorgrun
D:13:     layout_cave_pools, skrybe_vaults_entry_preservation, serial_park,
          serial_park_square2, serial_park_square1
          [serial_park_minivault_5x5_3], serial_park_tiny_1, uniq_snorg
D:14:     minmay_tri_stars, layout_rooms,
          nicolae_uskayaw_murder_on_the_dancefloor
D:15:     gammafunk_depths_entry_grave, layout_long_grid, serial_rivers,
          chequers_serial_rivers_large_b, chequers_serial_rivers_marsh,
          chequers_serial_rivers_marsh, chequers_serial_rivers_small_b,
          chequers_serial_rivers_room_b, st_stairs_4, hangedman_decor_points
Temple:   nicolae_temple_bog_church
Lair:1:   layout_roguey, serial_bayou, serial_bayou_lake_a,
          serial_bayou_lagoon_a, serial_bayou_pond_a, serial_bayou_pond_c,
          nicolae_lair_run_with_the_wolves, uniq_fannar
Lair:2:   layout_gridlike, palyth_hydra_swamp_entry,
          nicolae_snake_entry_warm_welcome, guppyfry_lair_drakes,
          grunt_megastairs_1
Lair:3:   layout_cave_pods, beast_lair_carwin_8, serial_bayou_shore_a
Lair:4:   layout_hall_layers, minmay_slime_entry_jelly_boxes,
          chequers_serial_rivers_micro_c, beast_lair_carwin_4
Lair:5:   minmay_lair_end_frog_pond, layout_gridlike, uniq_rupert
Swamp:1:  layout_basic_swamp, evilmike_swamp_ruin_house_5, uniq_donald
Swamp:2:  layout_falls_marsh, evilmike_swamp_ruin_house_6, swamp_pool3,
          nicolae_swamp_bean_lake, uniq_louise
Swamp:3:  layout_basic_swamp, evilmike_swamp_ruin_house_3,
          infiniplex_staircase_pool
Swamp:4:  swamp_vile, layout_basic_swamp
Snake:1:  layout_layer_cave, serial_shops, shop, nicolae_shop_clearance
Snake:2:  layout_misc_corridors
Snake:3:  layout_rooms, nicolae_specific_store, minmay_shop_star
Snake:4:  grunt_snake_rune_serpentine_throne, layout_onion_interference,
          portal_ice_cave_entry_pillars_1, nicolae_snake_omega,
          minmay_shop_grove, uniq_kirke, uniq_saint_roka, uniq_aizul
Orc:1:    layout_caves, basic_altar, lemuel_statue_altar
Orc:2:    st_orc_mages, layout_diamond_mine, mines1_david
Elf:1:    gammafunk_sealed_arena, layout_loops_cross
Elf:2:    nicolae_elf_blades_crystal_corner, layout_gridlike,
          grunt_ministairs_7, uniq_agnes
Elf:3:    minmay_elf_hall_spiked, layout_geoelf_grid, patterned_corridor,
          uniq_nikola
Vaults:1: hangedman_vaults_snaps, v_alt_pattern_6, hangedman_vaults_nails,
          nicolae_vaults_network_s, hangedman_vaults_variations,
          ontoclasm_vaults_claustrophobia, v_misc_23,
          vaults_room_grunt_arrival_ludios, vaults_room_pools,
          vaults_dpeg_hooks, nicolae_vaults_little_squares_2,
          nicolae_vaults_diagonal_hallway_8, layout_vaults_omnicross,
          serial_shops, nicolae_shop_trees
Vaults:2: vaults_dpeg_doors, ontoclasm_vaults_ring_square,
          minmay_crypt_entry_simple_sparse, grunt_vaults_funnel,
          vaults_mumra_hex, nicolae_vaults_big_angled_halls, v_misc_4,
          vaults_mumra_minichess, hangedman_vaults_trim,
          nicolae_vaults_ninety_degrees, v_misc_19, v_misc_13,
          ontoclasm_vaults_gateway, layout_vaults_omnibox
Vaults:3: nicolae_vaults_asterisk, v_pattern_2, vaults_dpeg_cross, v_misc_9,
          dpeg_vaults_hating_casters, vaults_room_mumra_shop_pool, v_misc_17,
          hangedman_vaults_cutoff, v_misc_29, layout_vaults_omnigrid,
          serial_shops, shop
Vaults:4: ontoclasm_vaults_gallery, nicolae_vaults_diagonal_hallway_8,
          vaults_standard_mumra_x, ontoclasm_vaults_chip,
          grunt_vaults_hallway_long, ontoclasm_vaults_loading_screen,
          nicolae_vaults_little_squares_5, vaults_room_corners,
          layout_vaults_big_room, serial_shops, nicolae_shop_statue_plus
Vaults:5: uniq_frederick
Depths:1: layout_forbidden_donut, marbit_kobold_abyss_entry, serial_shops,
          nicolae_shop_temple_entry_statues_fountains, moated_statue,
          grunt_hell_entry_dis_mu, nicolae_ru_awakened_eye,
          infiniplex_staircase_pool_lava, serial_bayou_shore_b,
          serial_bayou_shore_b
Depths:2: nzn_winding_woodlands_stair_cross [nzn_winding_woodlands_5x15_parted,
          nzn_winding_woodlands_center_pierced_h,
          nzn_winding_woodlands_5x15_river_crossing,
          nzn_winding_woodlands_hourglass, nzn_winding_woodlands_5x5_default,
          nzn_winding_woodlands_5x15_default,
          nzn_winding_woodlands_center_diamonds,
          nzn_winding_woodlands_5x15_sawtooth], layout_cave_shapes,
          enter_ziggurat_c, hell_entry, rand_demon_pan_entry_9,
          minmay_staircase_statues

Notes
Turn   | Place    | Note
-------+----------+-------------------------------------------
     0 | D:1      | demibob the Minotaur Fighter began the quest for the Orb.
     0 | D:1      | Reached XP level 1. HP: 19/19 MP: 0/0
    58 | D:1      | Reached skill level 3 in Long Blades
   179 | D:1      | Reached XP level 2. HP: 23/26 MP: 1/1
   316 | D:1      | Reached skill level 4 in Long Blades
   571 | D:1      | Found Xeank's General Store.
   578 | D:1      | Bought a scroll of identify for 22 gold pieces
   778 | D:2      | You fall into a shaft and drop 2 floors!
   833 | D:4      | Noticed a lemure
   833 | D:4      | Noticed a lemure
   833 | D:4      | Identified a +1 robe of resistance
   833 | D:4      | Noticed Blork the orc
   834 | D:4      | Noticed Pikel
   834 | D:4      | Noticed a lemure
   834 | D:4      | Noticed a lemure
   834 | D:4      | Noticed a phantom
   883 | D:2      | HP: 2/26 [lemure[Pikel] (3)]
   886 | D:2      | Killed a lemure
   963 | D:2      | Reached XP level 3. HP: 24/31 MP: 2/2
  1168 | D:2      | Found a faded altar of an unknown god.
  1352 | D:3      | Reached skill level 5 in Long Blades
  1377 | D:3      | Killed a lemure
  1480 | D:3      | Reached XP level 4. HP: 39/39 MP: 3/3
  1537 | D:3      | Noticed Robin
  1554 | D:3      | Killed Robin
  1555 | D:3      | Reached skill level 6 in Long Blades
  1735 | D:3      | Reached XP level 5. HP: 45/45 MP: 4/4
  2151 | D:3      | Killed a phantom
  2152 | D:3      | Reached skill level 7 in Long Blades
  2158 | D:3      | Killed Pikel
  2159 | D:3      | Reached skill level 10 in Long Blades
  2159 | D:3      | Reached XP level 6. HP: 26/51 MP: 5/5
  2159 | D:3      | Reached XP level 7. HP: 29/57 MP: 6/6
  2268 | D:4      | Killed Blork the orc
  2371 | D:4      | Reached skill level 11 in Long Blades
  2559 | D:4      | Reached XP level 8. HP: 64/64 MP: 7/7
  2698 | D:4      | Found a runed translucent door.
  2699 | D:4      | Noticed Crazy Yiuf
  2782 | D:4      | Found Pavvull Jyan's Antique Weapon Boutique.
  2859 | D:4      | Found a radiant altar of Vehumet.
  2898 | D:4      | Found a staircase to the Ecumenical Temple.
  2912 | Temple   | Entered the Ecumenical Temple
  3005 | Temple   | Became a worshipper of Gozag Ym Sagoz the Greedy
  3200 | D:5      | Entered Level 5 of the Dungeon
  3473 | D:5      | Reached skill level 12 in Long Blades
  4291 | D:6      | Reached skill level 13 in Long Blades
  4763 | D:6      | Noticed Duvessa
  4772 | D:6      | Noticed Dowan
  4781 | D:6      | Killed Duvessa
  4806 | D:6      | Killed Dowan
  4807 | D:6      | Reached skill level 14 in Long Blades
  4807 | D:6      | Reached XP level 9. HP: 35/71 MP: 8/8
  5341 | D:7      | Reached skill level 4 in Fighting
  5341 | D:7      | Reached skill level 1 in Dodging
  5371 | D:7      | Reached skill level 2 in Dodging
  5439 | D:7      | Reached skill level 5 in Fighting
  5444 | D:7      | Found a sand-covered staircase.
  5455 | D:7      | Reached skill level 3 in Dodging
  5518 | Ossuary  | Entered an ossuary
  6013 | D:7      | Found Bideuz's Magic Scroll Emporium.
  6194 | D:7      | Reached skill level 4 in Dodging
  6464 | D:7      | Found an ornate altar of the Wu Jian Council.
  6603 | D:7      | Reached skill level 6 in Fighting
  6897 | D:7      | Reached skill level 5 in Dodging
  7310 | D:8      | Reached skill level 7 in Fighting
  7310 | D:8      | Reached skill level 4 in Armour
  7629 | D:8      | Noticed a two-headed ogre
  7638 | D:8      | Reached skill level 5 in Armour
  7650 | D:8      | Killed a two-headed ogre
  7651 | D:8      | Reached skill level 8 in Fighting
  7651 | D:8      | Reached skill level 6 in Armour
  7651 | D:8      | Reached XP level 10. HP: 59/90 MP: 9/9
  8303 | D:9      | Noticed a two-headed ogre
  8312 | D:9      | Killed a two-headed ogre
  8313 | D:9      | Reached skill level 9 in Fighting
  8313 | D:9      | Reached skill level 7 in Armour
  8604 | D:9      | Reached skill level 8 in Armour
  8611 | D:9      | Reached skill level 10 in Fighting
  9157 | D:10     | Entered Level 10 of the Dungeon
  9262 | D:10     | Reached skill level 9 in Armour
  9287 | D:10     | Found a staircase to the Lair.
  9323 | D:10     | Reached skill level 11 in Fighting
  9333 | D:10     | Reached XP level 11. HP: 74/102 MP: 10/10
  9401 | D:10     | Noticed a two-headed ogre
  9412 | D:10     | Killed a two-headed ogre
  9413 | D:10     | Reached skill level 10 in Armour
  9554 | D:10     | Noticed a two-headed ogre
  9565 | D:10     | Killed a two-headed ogre
  9762 | D:10     | Reached skill level 12 in Fighting
 10204 | D:11     | Reached skill level 11 in Armour
 10776 | Lair:1   | Entered Level 1 of the Lair of Beasts
 10838 | Lair:1   | Noticed Fannar
 10905 | Lair:1   | Killed Fannar
 11161 | Lair:1   | Reached skill level 12 in Armour
 11869 | Lair:1   | Reached skill level 13 in Armour
 12232 | Lair:1   | Noticed a wolf spider
 12277 | Lair:1   | Killed a wolf spider
 12278 | Lair:1   | Reached XP level 12. HP: 53/113 MP: 11/11
 12425 | D:7      | Bought the +9 scales of the Dragon King {rPois rF+ rC+
                  | Will+} for 1747 gold pieces
 12425 | D:7      | Found the +9 scales of the Dragon King {rPois rF+ rC+
                  | Will+}
 12638 | Lair:2   | Reached skill level 14 in Armour
 12784 | Lair:2   | Noticed a seven-headed hydra
 12814 | Lair:2   | Killed a nine-headed hydra
 12815 | Lair:2   | Reached skill level 15 in Armour
 13035 | Lair:2   | Found a staircase to the Snake Pit.
 13379 | Lair:2   | Reached skill level 16 in Armour
 13633 | Lair:2   | Noticed an eight-headed hydra
 13725 | Lair:3   | Noticed a five-headed hydra
 13735 | Lair:3   | Killed a nine-headed hydra
 13943 | Lair:3   | Reached skill level 17 in Armour
 14139 | Lair:3   | Noticed a catoblepas
 14148 | Lair:3   | Killed a catoblepas
 14163 | Lair:3   | Noticed an eight-headed hydra
 14509 | D:11     | Reached skill level 18 in Armour
 14514 | D:11     | Noticed an emperor scorpion
 14514 | D:11     | an emperor scorpion changed into a quicksilver ooze
 14514 | D:11     | Noticed a quicksilver ooze (glowing shapeshifter)
 14515 | D:11     | a quicksilver ooze changed into a tyrant leech
 14518 | D:11     | a tyrant leech changed into a jorogumo
 14518 | D:11     | Noticed a jorogumo (glowing shapeshifter)
 14519 | D:11     | a jorogumo changed into an ice dragon
 14519 | D:11     | Noticed an ice dragon (glowing shapeshifter)
 14527 | D:11     | an ice dragon changed into a radroach
 14527 | D:11     | Noticed a radroach (glowing shapeshifter)
 14528 | D:11     | a radroach changed into an alligator
 14528 | D:11     | Noticed an alligator (glowing shapeshifter)
 14534 | D:11     | an alligator changed into an anaconda
 14534 | D:11     | Noticed an anaconda (glowing shapeshifter)
 14540 | D:11     | an anaconda changed into a skyshark
 14558 | D:11     | Reached XP level 13. HP: 76/119 MP: 12/12
 14569 | D:11     | Noticed Maurice
 14822 | Lair:4   | Found a staircase to the Slime Pits.
 14853 | Lair:4   | Found a viscous altar of Jiyva.
 15167 | Lair:4   | Reached skill level 19 in Armour
 15482 | Lair:4   | Reached skill level 20 in Armour
 15599 | Lair:5   | Entered Level 5 of the Lair of Beasts
 15724 | Lair:5   | Noticed Rupert
 16222 | Lair:4   | Reached skill level 21 in Armour
 16335 | Lair:3   | Identified 2 potions of resistance
 17295 | D:11     | Noticed an ettin
 17738 | D:12     | Found a staircase to the Orcish Mines.
 17913 | D:12     | Reached XP level 14. HP: 127/127 MP: 13/13
 18242 | D:12     | Noticed Jorgrun
 18246 | D:12     | Reached skill level 15 in Long Blades
 18256 | D:12     | HP: 6/127 [Jorgrun/iron shot (61)]
 18257 | D:12     | >>dead
 18257 | D:12     | >>double iron shot for a potion quaf lmao get fucked
 19180 | Orc:1    | Entered Level 1 of the Orcish Mines
 19999 | Orc:1    | Identified a +1 robe of the Archmagi
 20013 | Orc:1    | Reached skill level 16 in Long Blades
 20430 | Orc:2    | Entered Level 2 of the Orcish Mines
 20430 | Orc:2    | Noticed an orc warlord
 20892 | Lair:2   | Found a staircase to the Swamp.
 21023 | Lair:4   | Killed Rupert
 21418 | Lair:4   | Reached skill level 17 in Long Blades
 22328 | Lair:5   | Reached skill level 18 in Long Blades
 23084 | Lair:5   | Reached skill level 19 in Long Blades
 23697 | D:11     | Killed Maurice
 23846 | Orc:1    | Killed an orc warlord
 23849 | Orc:1    | Reached XP level 15. HP: 82/134 MP: 14/14
 24054 | Orc:2    | Found a staircase to the Elven Halls.
 24697 | Orc:2    | Reached skill level 20 in Long Blades
 25163 | Orc:2    | Found Cararoo's Antique Armour Shoppe.
 25163 | Orc:2    | Found Lurhug's Weapon Emporium.
 25164 | Orc:2    | Found Tacoism's Armour Emporium.
 25169 | Orc:2    | Found Casiuh's Jewellery Shoppe.
 25820 | D:12     | Killed Jorgrun
 26033 | D:12     | Reached skill level 13 in Fighting
 26423 | D:13     | Noticed Snorg
 26524 | D:13     | Killed Snorg
 26923 | D:13     | Found a gate to the Vaults.
 26945 | D:13     | Reached skill level 22 in Armour
 27165 | D:13     | Reached skill level 14 in Fighting
 27666 | D:14     | You are cast into the Abyss!
 27666 | Abyss:2  | Cast into level 2 of the Abyss (a wizard)
 27686 | Abyss:2  | Found a corrupted altar of Lugonu.
 27695 | Abyss:2  | Noticed a daeva
 27712 | Abyss:2  | Killed a daeva
 28052 | Abyss:2  | Found a corrupted altar of Lugonu.
 28097 | Abyss:2  | Found a corrupted altar of Lugonu.
 28098 | Abyss:2  | Found a corrupted altar of Lugonu.
 28102 | Abyss:2  | Noticed a tentacled starspawn
 28116 | Abyss:2  | Killed a tentacled starspawn
 28209 | Abyss:2  | Noticed a tentacled starspawn
 28222 | Abyss:2  | Killed a tentacled starspawn
 28257 | D:14     | You pass through the gate.
 28257 | D:14     | Escaped the Abyss
 28260 | D:14     | Reached skill level 15 in Fighting
 28586 | D:14     | Reached XP level 16. HP: 120/149 MP: 15/15
 28783 | D:14     | Identified the +1 leather armour "Zuer" {rElec rPois Slay-6
                  | Stlth+}
 28784 | D:14     | Reached skill level 23 in Armour
 28834 | D:14     | You are cast into the Abyss!
 28834 | Abyss:2  | Cast into level 2 of the Abyss (a wizard)
 28871 | Abyss:2  | Found a corrupted altar of Lugonu.
 29094 | Abyss:2  | Reached skill level 16 in Fighting
 29102 | D:14     | You pass through the gate.
 29102 | D:14     | Escaped the Abyss
 29833 | D:14     | Found a hide-covered altar of Uskayaw.
 29865 | D:15     | Entered Level 15 of the Dungeon
 29865 | D:15     | Found a staircase to the Depths.
 30546 | D:15     | Reached skill level 17 in Fighting
 30973 | D:15     | Reached skill level 24 in Armour
 31292 | Snake:1  | Entered Level 1 of the Snake Pit
 32552 | Snake:1  | Found Cexkei Jucia's Jewellery Shoppe.
 32669 | Snake:1  | Found Foagrur's CLEARANCE SALE!.
 32708 | Snake:1  | Reached skill level 18 in Fighting
 33343 | Snake:2  | Reached XP level 17. HP: 148/165 MP: 16/16
 33606 | Snake:2  | Got Ludd's Octavo of Debased Rites and Turbulence
 34308 | Snake:1  | Bought a scroll of brand weapon for 114 gold pieces
 34309 | Snake:1  | Bought 3 scrolls of magic mapping for 270 gold pieces
 34389 | Snake:3  | Reached skill level 19 in Fighting
 35030 | Snake:3  | Reached skill level 6 in Dodging
 35243 | Snake:3  | Found Ipicunet's General Store.
 35244 | Snake:3  | Found Gesh's Specific Store.
 35317 | Snake:3  | Found Saulyisk's Assorted Antiques.
 35319 | Snake:3  | Found Eschaqes's Antique Armour Boutique.
 35321 | Snake:3  | Found Raucix's Distillery.
 35782 | Snake:3  | Reached skill level 20 in Fighting
 35923 | Snake:4  | Entered Level 4 of the Snake Pit
 35938 | Snake:4  | Reached skill level 7 in Dodging
 35981 | Snake:4  | Noticed Saint Roka
 36016 | Snake:3  | Killed Saint Roka
 36402 | Snake:4  | Noticed Kirke
 36436 | Snake:4  | Killed Kirke
 36552 | Snake:4  | Reached skill level 8 in Dodging
 37034 | Snake:4  | Reached skill level 9 in Dodging
 37606 | Snake:4  | Reached skill level 21 in Fighting
 37938 | Snake:4  | Reached XP level 18. HP: 182/182 MP: 17/17
 37992 | Snake:4  | Reached skill level 10 in Dodging
 38523 | Snake:4  | Noticed Aizul
 38535 | Snake:4  | Killed Aizul
 38619 | Snake:4  | Found Kiuhok's Jewellery Boutique.
 38620 | Snake:4  | Found Xaza's Book Shoppe.
 38621 | Snake:4  | Found Wefenk's Jewellery Boutique.
 38879 | Snake:4  | Reached skill level 11 in Dodging
 39631 | Snake:4  | Got a serpentine rune of Zot
 39818 | Vaults:1 | Entered Level 1 of the Vaults
 39897 | Vaults:1 | HP: 13/184 [ironbound thunderhulk/bolt of lightning (34)]
 40354 | Vaults:1 | Reached skill level 22 in Fighting
 40582 | Vaults:1 | Found Tezxa's Book Shoppe.
 40608 | Vaults:1 | Reached skill level 12 in Dodging
 41645 | Vaults:1 | Reached skill level 13 in Dodging
 42682 | Vaults:2 | Reached skill level 23 in Fighting
 42691 | Vaults:2 | Reached XP level 19. HP: 180/195 MP: 18/18
 42734 | Vaults:2 | Found a staircase to the Crypt.
 43139 | Vaults:2 | Reached skill level 14 in Dodging
 43950 | Vaults:2 | HP: 17/198 [vault warden/+2 heavy great sword (36)]
 44330 | Vaults:2 | Reached skill level 15 in Dodging
 44493 | Vaults:2 | Reached skill level 24 in Fighting
 45425 | Vaults:3 | Reached skill level 1 in Evocations
 45721 | Vaults:3 | Reached skill level 2 in Evocations
 45758 | Vaults:3 | Reached skill level 3 in Evocations
 46322 | Vaults:3 | Reached skill level 4 in Evocations
 46788 | Vaults:3 | Reached XP level 20. HP: 206/206 MP: 19/19
 46815 | Vaults:3 | Reached skill level 5 in Evocations
 47171 | Vaults:3 | Found Xiliof's Weapon Emporium.
 47183 | Vaults:3 | Reached skill level 21 in Long Blades
 47524 | Vaults:3 | Got the Guide on the Quantum Congregation
 47719 | Vaults:3 | Found Kis Rasi's General Store.
 47997 | D:13     | Bought the ring of Sunlight {Will+ rCorr Dex+3} for 427
                  | gold pieces
 48147 | Vaults:4 | Reached skill level 6 in Evocations
 48777 | Vaults:4 | Found Lubbukyra's Antique Armour Boutique.
 48903 | Vaults:4 | Bought a pair of smoking boots for 361 gold pieces
 48903 | Vaults:4 | Identified the +0 pair of boots "Bitecog" {Str+3} (You
                  | bought it in a shop on level 4 of the Vaults)
 49035 | Vaults:4 | Reached skill level 7 in Evocations
 49727 | Swamp:1  | Entered Level 1 of the Swamp
 49753 | Swamp:1  | Noticed Donald
 49766 | Swamp:1  | Killed Donald
 50452 | Swamp:2  | Noticed Louise
 50463 | Swamp:2  | Reached skill level 22 in Long Blades
 50473 | Swamp:2  | Reached skill level 8 in Evocations
 50683 | Swamp:2  | Killed Louise
 51859 | Swamp:3  | Reached skill level 9 in Evocations
 52369 | Swamp:4  | Entered Level 4 of the Swamp
 53205 | Swamp:4  | Reached XP level 21. HP: 212/215 MP: 20/20
 53232 | Swamp:4  | Got a decaying rune of Zot
 53597 | Depths:1 | Entered Level 1 of the Depths
 54114 | Depths:1 | Reached skill level 23 in Long Blades
 54133 | Depths:1 | Reached skill level 16 in Dodging
 54446 | Depths:1 | Found Byqouga's Armour Shop.
 54592 | Depths:1 | Found a sacrificial altar of Ru.
 54621 | Depths:1 | Found a one-way gate to the infinite horrors of the Abyss.
 55136 | Depths:1 | Found a gateway to Hell.
 55691 | Depths:2 | Paralysed by a floating eye for 4 turns
 55780 | Depths:2 | Reached skill level 25 in Armour
 56483 | Depths:2 | Reached skill level 25 in Fighting
 56824 | Depths:2 | Found a one-way gateway to a ziggurat.
 56927 | Depths:2 | Identified the ring "Rykoent" {rElec MP+9 Int+6}
 57476 | Elf:1    | Entered Level 1 of the Elven Halls
 57988 | Elf:1    | Found a transporter.
 58239 | Elf:1    | Found a transporter.
 58307 | Elf:1    | Reached skill level 17 in Dodging
 58750 | Elf:2    | Reached XP level 22. HP: 212/226 MP: 21/21
 58759 | Elf:2    | Noticed Agnes
 58763 | Elf:2    | Killed Agnes
 59281 | Elf:2    | Found a runed translucent gate.
 59282 | Elf:2    | Found a runed translucent gate.
 59282 | Elf:2    | Found a runed translucent gate.
 59331 | Elf:3    | Entered Level 3 of the Elven Halls
 59527 | Elf:3    | Reached skill level 24 in Long Blades
 60472 | Elf:3    | Identified the +1 leather armour of Spite {Will+ Stlth+}
 60472 | Elf:3    | Noticed Nikola
 60489 | Elf:3    | Killed Nikola
 61341 | Elf:3    | Identified the +3 great mace "Fakoung" {flame, Dex+3}
 62377 | Elf:3    | Reached skill level 26 in Armour
 62711 | Elf:3    | Identified the +6 arbalest "Qias" {heavy, Dex+2}
 63213 | Vaults:5 | Entered Level 5 of the Vaults
 63213 | Vaults:5 | Noticed a dread lich
 63272 | Vaults:5 | Noticed an ancient lich
 63275 | Vaults:5 | Found the +3 salamander hide armour {Flames, rFlCloud rF++
                  | rC--}
 63275 | Vaults:5 | Identified the ring "Isang" {rN+ Dex+2 SInv}
 63325 | Vaults:5 | Noticed Frederick
 63335 | Vaults:5 | Noticed a golden dragon
 63346 | Vaults:5 | Killed a golden dragon
 63349 | Vaults:5 | HP: 30/342 [shadow dragon (6)]
 63352 | Vaults:5 | HP: 4/339 [sphinx/divine providence (13)]
 63353 | Vaults:5 | Slain by a sphinx

Vanquished Creatures
  Saint Roka (Snake:3)
  A golden dragon (Vaults:5)
  Nikola (Elf:3)
  Jorgrun (D:12)
  Rupert (Lair:4)
  A lich (Depths:2)
  3 tentacled monstrosities
  2 quicksilver dragons (Vaults:5)
  2 deep elf master archers (Elf:3)
  2 tentacled starspawn (Abyss:2)
  A sphinx (Vaults:2)
  3 storm dragons
  A tengu reaver (Depths:2)
  2 thorn hunters
  Agnes (Elf:2)
  2 shadow dragons
  Kirke (Snake:4)
  Donald (Swamp:1)
  7 nagarajas
  6 fire giants
  A fenstrider witch (shapeshifter) (Vaults:3)
  12 vault wardens
  A frost giant (Depths:2)
  5 deep elf sorcerers (Elf:3)
  A daeva (Abyss:2)
  An emperor scorpion (shapeshifter) (Elf:2)
  Louise (Swamp:2)
  3 orc warlords
  14 very ugly things
  Aizul (Snake:4)
  A spriggan defender (Depths:2)
  7 deep elf elementalists (Elf:3)
  2 war gargoyles
  7 ironbound thunderhulks
  19 ironbound preservers
  A ghoul (Vaults:2)
  A vampire knight (Depths:2)
  8 stone giants
  4 deep elf demonologists (Elf:3)
  4 eleionomae
  22 dire elephants
  10 deep elf annihilators
  7 bunyips
  3 spark wasps (Depths:2)
  A spark wasp (shapeshifter) (Vaults:1)
  Snorg (D:13)
  7 ettins
  5 deep elf death magi (Elf:3)
  2 green deaths (Swamp:4)
  5 great orbs of eyes
  A crystal guardian (Vaults:2)
  4 deep elf high priests (Elf:3)
  2 entropy weavers
  Fannar (Lair:1)
  5 fire dragons
  11 yaktaur captains
  17 vault guards
  15 hydras
  4 rakshasas
  An ice dragon (shapeshifter) (Depths:2)
  7 ice dragons
  3 peacekeepers
  A radroach (shapeshifter) (Vaults:5)
  A spriggan air mage (Depths:2)
  12 anacondas
  A salamander tyrant (Snake:4)
  2 death knights
  9 ironbound frosthearts
  8 centaur warriors
  A two-headed ogre (shapeshifter) (Vaults:4)
  5 two-headed ogres
  8 boulder beetles
  19 dancing weapons
  4 ghost crabs
  3 tengu warriors
  10 death yaks
  5 deep troll shamans
  2 catoblepae
  8 alligators
  18 naga warriors
  2 vampire magi
  2 deep troll earth magi
  A thrashing horror (Swamp:4)
  An orc high priest (Orc:2)
  5 deep elf knights
  25 naga sharpshooters
  3 skysharks
  4 spriggan berserkers
  9 spriggans
  8 shock serpents
  5 salamander mystics
  A wretched star (Abyss:2)
  8 skeletal warriors
  A spark wasp zombie (D:15)
  5 goliath frogs
  An iron troll (Depths:1)
  A storm dragon skeleton (Depths:2)
  4 glowing orange brains
  5 deep elf archers
  A flayed ghost (Vaults:2)
  4 naga ritualists
  41 deep trolls
  10 swamp dragons
  6 phantasmal warriors
  A shadow dragon zombie (D:15)
  8 ironbound convokers
  18 wizards
  4 spriggan druids
  A sea snake (shapeshifter) (D:11)
  4 bog bodies (Swamp:4)
  13 lindwurms
  10 large abominations
  Pikel (D:3)
  A harpy (Vaults:3)
  10 orc sorcerers
  11 mana vipers
  24 deep elf zephyrmancers
  4 orc knights
  An iron dragon zombie (Depths:1)
  32 deep elf pyromancers
  A wolf spider (Lair:1)
  4 necromancers
  48 ugly things
  A stone giant zombie (Depths:1)
  9 cyclopes
  A moth of wrath (shapeshifter) (Depths:2)
  2 will-o-the-wisps
  5 manticores
  13 salamanders
  Maurice (D:11)
  2 frost giant skeletons
  A fire giant skeleton (Depths:1)
  13 elephants
  13 guardian serpents
  6 orange demons
  A smoke demon (Abyss:2)
  2 torpor snails
  A rust devil (Abyss:2)
  A storm dragon simulacrum (Depths:2)
  20 naga magi
  27 black mambas
  13 vault sentinels
  3 gargoyles
  A hellion (Abyss:2)
  31 yaktaurs
  2 unseen horrors
  A kobold demonologist (Depths:1)
  20 cane toads
  6 rime drakes
  An efreet (D:15)
  3 freezing wraiths
  10 komodo dragons
  A komodo dragon (shapeshifter) (Elf:1)
  5 tengu conjurers
  An ancient zyme (Abyss:2)
  3 trolls
  A meliai (shapeshifter) (D:14)
  2 bloated husks
  3 polar bears
  10 tyrant leeches
  A tarantella (shapeshifter) (D:13)
  9 hornets
  11 blink frogs
  4 raiju (Abyss:2)
  53 slime creatures
  A jumping spider (Vaults:2)
  A flying skull (Abyss:2)
  A frost giant simulacrum (Depths:2)
  6 wraiths
  A ynoxinul (Abyss:2)
  2 shadows
  An ettin skeleton (D:15)
  4 vampires
  2 water elementals
  4 fire elementals
  7 wyverns
  4 basilisks
  2 redbacks (Vaults:3)
  4 steam dragons
  43 yaks
  4 small abominations
  6 hogs (Snake:4)
  3 fire bats (Lair:2)
  A golden eye (shapeshifter) (D:13)
  A chaos spawn (Abyss:2)
  5 golden eyes (Abyss:2)
  25 vampire mosquitoes
  57 nagas
  16 water moccasins
  8 wargs
  Duvessa (D:6)
  18 swamp worms
  A floating eye (Depths:2)
  A sky beast (D:7)
  2 ice beasts (D:7)
  26 orc warriors
  2 black bears
  8 ogres
  33 wolves
  2 lemures
  12 centaurs
  3 phantoms
  2 elf zombies (D:7)
  19 bullfrogs
  3 kobold brigands
  Blork the orc (D:4)
  A necrophage (D:5)
  A glowing shapeshifter simulacrum (Depths:2)
  2 earth elementals (Elf:3)
  An elf skeleton (D:7)
  A scorpion (D:5)
  Dowan (D:6)
  5 wights (D:8)
  5 howler monkeys
  3 electric eels
  A human zombie (D:7)
  3 lava snakes (Lair:2)
  7 hounds
  14 jellies
  3 gnoll boudas
  20 orc priests
  6 iguanas
  25 orc wizards
  8 mummies (Ossuary)
  Robin (D:3)
  2 adders
  11 gnolls
  A shadow imp (D:7)
  A white imp (D:6)
  3 ufetubi
  A worm (D:2)
  70 orcs
  7 bats
  12 endoplasms
  A giant cockroach (D:1)
  12 goblins
  11 hobgoblins
  2 quokkas
  7 ball pythons
  2 frilled lizards
  3 gnoll zombies (Ossuary)
  A hobgoblin zombie (Ossuary)
  11 kobolds
  2 orc skeletons (D:7)
  4 orc zombies (Ossuary)
  4 rats
  A briar patch (Swamp:4)
  A lurking horror (Abyss:2)
  2 starspawn tentacles (Abyss:2)
1671 creatures vanquished.

Vanquished Creatures (collateral kills)
  A hydra (D:14)
1 creature vanquished.

Vanquished Creatures (others)
  A nagaraja (Snake:4)
  A naga warrior (Snake:4)
  A deep troll earth mage (Depths:2)
  A deep elf knight (Elf:3)
  A skyshark (Lair:3)
  3 deep elf zephyrmancers
  A naga mage (Snake:4)
  2 bloated husks
  A spriggan (Swamp:2)
  A naga (Snake:4)
  An ufetubus (Abyss:2)
  A briar patch (Swamp:4)
  8 foxfires
  42 fungi
  109 plants
  7 starspawn tentacles (Abyss:2)
  2 withered plants (D:15)
183 creatures vanquished.

Grand Total: 1855 creatures vanquished

Table legend: (Time is in decaauts)
 A = Elapsed time spent in this place.
 B = Non-inter-level travel time spent in this place.
 C = Inter-level travel time spent in this place.
 D = Time resting spent in this place.
 E = Time spent auto-exploring this place.
 F = Levels seen in this place.
 G = Mean time per level.
                   A        B        C        D        E       F      G
               +--------+--------+--------+--------+--------+-----+--------+
         Total |  62176 |  58449 |   3727 |  12500 |  33835 |  44 | 1413.1 |
       Dungeon |  18284 |  17085 |   1199 |   2842 |  11082 |  15 | 1218.9 |
        Temple |    125 |    102 |     23 |      0 |     79 |   1 |  125.0 |
          Lair |   8850 |   7970 |    880 |   1447 |   4912 |   5 | 1770.0 |
         Swamp |   3721 |   3587 |    134 |    725 |   2072 |   4 |  930.2 |
     Snake Pit |   8126 |   7936 |    190 |   2055 |   4435 |   4 | 2031.5 |
  Orcish Mines |   2801 |   2627 |    174 |    575 |   1425 |   2 | 1400.5 |
   Elven Halls |   5496 |   5190 |    306 |   1658 |   2413 |   3 | 1832.0 |
        Vaults |   9830 |   9153 |    677 |   2234 |   5035 |   5 | 1966.0 |
        Depths |   3794 |   3653 |    141 |    623 |   2155 |   2 | 1897.0 |
         Abyss |    794 |    794 |      0 |    334 |      0 |   2 |  397.0 |
       Ossuary |    351 |    351 |      0 |      5 |    225 |   1 |  351.0 |
               +--------+--------+--------+--------+--------+-----+--------+

Top non-repeatable levels by time:
   Elf:3: 3605 daAuts
Vaults:1: 3522 daAuts
 Snake:4: 2944 daAuts
Vaults:3: 2853 daAuts
  Lair:4: 2200 daAuts
 Snake:3: 2184 daAuts
    D:12: 2107 daAuts
Depths:1: 2096 daAuts
Vaults:2: 2009 daAuts
 Snake:1: 1884 daAuts
  Lair:2: 1850 daAuts
    D:10: 1829 daAuts
  Lair:1: 1776 daAuts
    D:11: 1708 daAuts
Depths:2: 1697 daAuts

Table legend:
 A = Non-vault XP
 B = Vault XP
 C = Vault XP percentage of total XP
 D = Non-vault monster count
 E = Vault monster count
 F = Vault count percentage of total count
                 A         B        C        D         E       F
            +---------+---------+-------+---------+---------+-------
      Total |  482805 |  310710 |  39.2 |    1118 |     555 |  33.2
            +---------+---------+-------+---------+---------+-------
        D:1 |      29 |       6 |  17.1 |      17 |       4 |  19.0
        D:2 |      19 |       0 |   0.0 |      11 |       0 |   0.0
        D:3 |     271 |     651 |  70.6 |      26 |      12 |  31.6
        D:4 |     453 |      91 |  16.7 |      15 |       1 |   6.2
        D:5 |     532 |       0 |   0.0 |      18 |       0 |   0.0
        D:6 |     623 |     219 |  26.0 |      19 |       2 |   9.5
        D:7 |    1067 |     322 |  23.2 |      26 |       6 |  18.8
        D:8 |    2103 |       0 |   0.0 |      22 |       0 |   0.0
        D:9 |    2657 |     287 |   9.7 |      19 |       2 |   9.5
       D:10 |    3564 |    1914 |  34.9 |      11 |      10 |  47.6
       D:11 |    3276 |    6659 |  67.0 |      13 |      11 |  45.8
       D:12 |    8096 |    4142 |  33.8 |      29 |       7 |  19.4
       D:13 |    8237 |    6624 |  44.6 |      18 |      14 |  43.8
       D:14 |   17834 |   11710 |  39.6 |      41 |      18 |  30.5
       D:15 |   10468 |    6252 |  37.4 |      20 |      10 |  33.3
     Lair:1 |    2674 |    2836 |  51.5 |      11 |      14 |  56.0
     Lair:2 |    5331 |    4650 |  46.6 |      24 |      16 |  40.0
     Lair:3 |    6228 |    1618 |  20.6 |      18 |       9 |  33.3
     Lair:4 |   14932 |    8386 |  36.0 |      34 |      38 |  52.8
     Lair:5 |   10957 |    7670 |  41.2 |      29 |      25 |  46.3
    Swamp:1 |   14453 |    1364 |   8.6 |      28 |       1 |   3.4
    Swamp:2 |   18879 |    1199 |   6.0 |      37 |       1 |   2.6
    Swamp:3 |   12177 |       0 |   0.0 |      18 |       0 |   0.0
    Swamp:4 |    8748 |   18536 |  67.9 |      18 |      28 |  60.9
    Snake:1 |   18728 |       0 |   0.0 |      40 |       0 |   0.0
    Snake:2 |   11472 |       0 |   0.0 |      24 |       0 |   0.0
    Snake:3 |   27716 |    3023 |   9.8 |      49 |       3 |   5.8
    Snake:4 |   21832 |   41273 |  65.4 |      55 |      70 |  56.0
      Orc:1 |    6378 |       0 |   0.0 |      38 |       0 |   0.0
      Orc:2 |    4483 |    4662 |  51.0 |      30 |      38 |  55.9
      Elf:1 |   19765 |       0 |   0.0 |      32 |       0 |   0.0
      Elf:2 |   14917 |    5997 |  28.7 |      23 |       7 |  23.3
      Elf:3 |   17285 |   36882 |  68.1 |      29 |      34 |  54.0
   Vaults:1 |   43719 |   17290 |  28.3 |      60 |      21 |  25.9
   Vaults:2 |   27645 |   29104 |  51.3 |      37 |      33 |  47.1
   Vaults:3 |   26514 |   28704 |  52.0 |      47 |      42 |  47.2
   Vaults:4 |   11201 |   10840 |  49.2 |      15 |      13 |  46.4
   Vaults:5 |    4699 |   15554 |  76.8 |       5 |      13 |  72.2
   Depths:1 |   28505 |    3600 |  11.2 |      36 |       7 |  16.3
   Depths:2 |   29621 |   28492 |  49.0 |      40 |      29 |  42.0
    Abyss:2 |   14717 |       0 |   0.0 |      36 |       0 |   0.0
    Ossuary |       0 |     153 | 100.0 |       0 |      16 | 100.0
            +---------+---------+-------+---------+---------+-------
